[Event "Titled Tuesday Blitz July 25 Early 2023"]
[White "Luukkonen, Tommi"]
[Black "Putri, Regita Desyari"]
[WhiteFideId "501808"]
[BlackFideId "7109083"]
[WhiteElo "2480"]
[BlackElo "2238"]
[Result "0-1"]
[Round "10"]
[TimeControl "180+2"]
[Date "2023.07.25"]
[WhiteClock "0:00:00"]
[BlackClock "0:00:06"]
[Board "101"]

1. e4 e5 2. Nf3 Nf6 3. d4 Nxe4 4. Bd3 d5 5. dxe5 Be7 6. Nbd2 Nc5 7. Nb3 Nxd3+ 8. Qxd3 O-O 9. O-O c5 10. c4 dxc4 11. Qxc4 Be6 12. Qc2 Na6 13. Rd1 Qb6 14. Be3 Rac8 15. Nbd2 Nb4 16. Qe4 Bd5 17. Qg4 Be6 18. Qg3 Rfd8 19. Ne4 Kh8 20. Bg5 Rxd1+ 21. Rxd1 Bf8 22. Nd6 Bxd6 23. exd6 f6 24. Bf4 Rd8 25. h4 Nd5 26. b3 Qb4 27. Bd2 Qg4 28. Qh2 Kg8 29. Re1 Kf7 30. h5 h6 31. Rc1 b6 32. a3 Rd7 33. b4 cxb4 34. axb4 Qf5 35. Nd4 Qd3 36. Nf3 Nxb4 37. Qf4 Nd5 38. Qg3 Qf5 39. Be3 Qxh5 40. Bd4 Qf5 41. Re1 g5 42. Be3 Nxe3 43. fxe3 Qd5 44. Nd4 Qxd6 45. Qf2 Kg6 46. Rf1 Qe5 47. Nf3 Qc5 48. Nd4 Qe5 49. Nf3 Qf5 50. e4 Qxe4 51. Nxg5 Qf5 52. Qxf5+ Bxf5 53. Nf3 Re7 54. Nh4+ Kf7 55. Nxf5 Re5 56. Nxh6+ Kg6 57. Ng8 Rb5 58. Nxf6 Kg7 59. Ne4 a5 60. Rf4 Rb4 61. Rg4+ Kf8 62. Rf4+ Ke7 63. Kf2 a4 64. Ke3 a3 65. Rh4 a2 66. Rh7+ Ke6 67. Rh1 Rb1 68. Rh6+ Ke7 69. Rh7+ Ke6 70. Rh6+ Kd7 71. Rh7+ Kc6 72. Ra7 a1=Q 73. Rxa1 Rxa1 74. g4 Ra3+ 75. Kf4 Kd5 76. Nf6+ Ke6 77. Ne4 Ra4 78. g5 b5 79. g6 Ra1 80. Kg5 Rf1 81. g7 Rg1+ 82. Kh6 Kf7 83. Ng5+ Kg8 84. Ne4 b4 85. Nf6+ Kf7 86. g8=Q+ Rxg8 87. Nxg8 b3 88. Kg5 b2 89. Nh6+ Ke6 90. Nf5 b1=Q 91. Nd4+ Kd5 92. Nf3 Qc1+ 93. Kg4 Ke4 94. Ng5+ Kd3 95. Nf3 Qc4+ 96. Kf5 Qe4+ 0-1


[Site "https://www.chess.com"]

[Event "Titled Tuesday Blitz July 25 Early 2023"]
[White "Parpiev, Isaak"]
[Black "Avazkhonov, Alikhon"]
[WhiteFideId "34281576"]
[BlackFideId "14208504"]
[WhiteElo "2587"]
[BlackElo "2433"]
[Result "0-1"]
[Round "10"]
[TimeControl "180+2"]
[Date "2023.07.25"]
[WhiteClock "0:00:00"]
[BlackClock "0:01:36"]
[Board "102"]

1. d4 d5 2. c4 e6 3. Nc3 c6 4. e4 dxe4 5. Nxe4 Bb4+ 6. Bd2 Qxd4 7. Bxb4 Qxe4+ 8. Be2 Na6 9. Bd6 Qxg2 10. Qd2 f6 11. Bf3 Qg6 12. O-O-O Bd7 13. Ne2 O-O-O 14. c5 Nh6 15. Nd4 e5 16. Nb3 Nf5 17. Qa5 Qf7 18. Be2 Nxd6 19. cxd6 Bf5 20. Bxa6 bxa6 21. Qxa6+ Qb7 22. Qc4 Qb5 23. Qc3 Rd7 24. Nc5 Rhd8 25. a4 Qb6 26. Nxd7 Rxd7 27. Rd2 Kb7 28. b4 Qa6 29. a5 Qb5 30. Kb2 Be6 31. Re1 Qa4 32. Ra1 Qb5 33. a6+ Kb8 34. Qc5 Bc4 0-1


[Site "https://www.chess.com"]

[Event "Titled Tuesday Blitz July 25 Early 2023"]
[White "Pershina, Elena"]
[Black "Guerra Tulcan, Lenin"]
[WhiteFideId "24147516"]
[BlackFideId "3601382"]
[WhiteElo "2431"]
[BlackElo "2583"]
[Result "0-1"]
[Round "10"]
[TimeControl "180+2"]
[Date "2023.07.25"]
[WhiteClock "0:01:02"]
[BlackClock "0:01:40"]
[Board "103"]

1. c4 e5 2. Nc3 Nf6 3. g3 Bc5 4. Bg2 a6 5. e3 Ba7 6. Nge2 d6 7. O-O O-O 8. d4 h6 9. b3 Nc6 10. Bb2 Bf5 11. dxe5 dxe5 12. Nd5 Re8 13. Rc1 Nxd5 14. cxd5 Nb8 15. Qd2 Nd7 16. b4 Bb6 17. Qc3 a5 18. a3 axb4 19. axb4 Nf6 20. Rfd1 Be4 21. Qb3 Qd7 22. Nc3 Bxg2 23. Kxg2 h5 24. h3 h4 25. g4 Rad8 26. e4 Nxg4 27. hxg4 Qxg4+ 28. Kf1 Qf3 29. Qc2 h3 30. Rd3 Qg2+ 31. Ke2 h2 32. Rdd1 Qxf2+ 33. Kd3 Qd4+ 34. Ke2 Qe3+ 0-1


[Site "https://www.chess.com"]

[Event "Titled Tuesday Blitz July 25 Early 2023"]
[White "NicolaiMaxime"]
[Black "Alvarado Diaz, Alejandro"]
[BlackFideId "2276119"]
[WhiteElo "2583"]
[BlackElo "2426"]
[Result "0-1"]
[Round "10"]
[TimeControl "180+2"]
[Date "2023.07.25"]
[WhiteClock "0:00:21"]
[BlackClock "0:00:15"]
[Board "104"]

1. e4 c5 2. b3 Nc6 3. Bb2 e5 4. Bb5 Nge7 5. f4 exf4 6. Nf3 a6 7. Bxc6 dxc6 8. Nc3 Ng6 9. Ne2 f6 10. h4 h5 11. d4 Bg4 12. Qd3 Qd7 13. O-O-O O-O-O 14. Nc3 cxd4 15. Na4 Qc7 16. Bxd4 Ba3+ 17. Kb1 c5 18. e5 Nxe5 19. Bxe5 Rxd3 20. Bxc7 Rxd1+ 21. Rxd1 Kxc7 22. c4 Bb4 23. Kb2 Re8 24. a3 Re2+ 25. Kb1 Bxa3 26. Rd5 b6 27. Nc3 Rxg2 28. Nd2 Bb4 29. Nde4 Bxc3 30. Nxc3 f3 31. Rd1 f2 32. Nd5+ Kb7 33. Ne3 Bxd1 34. Nxg2 f1=Q 35. Ne3 Qd3+ 36. Kb2 Qxe3 37. b4 Qd2+ 38. Ka1 Qd4+ 39. Ka2 Qxc4+ 40. Ka1 Qc3+ 41. Ka2 Qb3+ 42. Ka1 Bc2 43. b5 Qb1# 0-1


[Site "https://www.chess.com"]

[Event "Titled Tuesday Blitz July 25 Early 2023"]
[White "Bristy Mukherjee"]
[Black "Orlov, Georgi"]
[WhiteFideId "25077325"]
[BlackFideId "2011271"]
[WhiteElo "2420"]
[BlackElo "2548"]
[Result "0-1"]
[Round "10"]
[TimeControl "180+2"]
[Date "2023.07.25"]
[WhiteClock "0:01:59"]
[BlackClock "0:01:48"]
[Board "105"]

1. Nf3 Nf6 2. g3 g6 3. c4 Bg7 4. Bg2 O-O 5. O-O d5 6. Nc3 d4 7. Nb5 c5 8. e3 a6 9. Na3 Nc6 10. exd4 cxd4 11. d3 e5 12. Re1 Nd7 13. Nc2 a5 14. b3 Re8 15. Rb1 Nc5 16. a3 Bf5 17. b4 Nxd3 18. g4 Nxe1 19. gxf5 Nxg2 20. Kxg2 e4 21. Ng5 axb4 22. fxg6 hxg6 23. axb4 d3 24. Ne1 Ne5 25. c5 Nc4 26. Qb3 Qd5 27. Kg1 e3 28. Nef3 d2 29. fxe3 d1=Q+ 30. Qxd1 Qxd1+ 31. Kg2 Qc2+ 32. Kg3 Qxb1 33. Bd2 Nxd2 34. Nxd2 Rxe3+ 35. Ndf3 Be5+ 36. Kg4 Qxb4+ 37. Kh3 Qf4 38. c6 Rxf3+ 39. Nxf3 Qxf3+ 40. Kh4 Bf6# 0-1


[Site "https://www.chess.com"]

[Event "Titled Tuesday Blitz July 25 Early 2023"]
[White "Souleidis, Georgios"]
[Black "Rios Escobar, Adan"]
[WhiteFideId "4206827"]
[BlackFideId "3403645"]
[WhiteElo "2527"]
[BlackElo "2413"]
[Result "1-0"]
[Round "10"]
[TimeControl "180+2"]
[Date "2023.07.25"]
[WhiteClock "0:00:12"]
[BlackClock "0:00:00"]
[Board "106"]

1. e4 c5 2. Nf3 d6 3. Bc4 Nf6 4. d3 e6 5. O-O Be7 6. Re1 O-O 7. Bb3 Nc6 8. c3 b5 9. a4 b4 10. d4 a5 11. d5 Ne5 12. Nxe5 dxe5 13. dxe6 Bxe6 14. Bxe6 fxe6 15. Qb3 Ra6 16. Nd2 Qc7 17. Nc4 Qc6 18. f3 Kh8 19. Be3 Bd6 20. Red1 Bc7 21. cxb4 cxb4 22. Rac1 Qb7 23. Qd3 h6 24. b3 Raa8 25. Qe2 Rad8 26. Rxd8 Rxd8 27. Rd1 Qa8 28. Rd3 Nh5 29. Qd2 Rxd3 30. Qxd3 Nf4 31. Qd7 Qb8 32. g3 Ne2+ 33. Kf2 Nd4 34. Bxd4 exd4 35. Qxd4 Qe8 36. Kg2 Qc6 37. h4 Kh7 38. Qd3 Kh8 39. Kh3 Qc5 40. Qe3 Qc6 41. Qd4 Kh7 42. Kg2 h5 43. Kh3 Bb8 44. Qb6 Qe8 45. Qxa5 Qd7 46. Qxh5+ Kg8 47. Qb5 Qc7 48. Qe8+ Kh7 49. Qh5+ Kg8 50. e5 Qc5 51. Qg4 Qg1 52. Qe4 Qh1+ 53. Kg4 Bc7 54. Qa8+ Kh7 55. Qe4+ Kg8 56. a5 Qf1 57. a6 Qa1 58. Qa8+ Kh7 59. Qe4+ Kg8 60. Qb7 Bd8 61. a7 Be7 62. a8=Q+ 1-0


[Site "https://www.chess.com"]

[Event "Titled Tuesday Blitz July 25 Early 2023"]
[White "Mejia, Cherry Ann"]
[Black "Vyatkin, Dmitry"]
[WhiteFideId "5206880"]
[BlackFideId "4171900"]
[WhiteElo "2401"]
[BlackElo "2521"]
[Result "0-1"]
[Round "10"]
[TimeControl "180+2"]
[Date "2023.07.25"]
[WhiteClock "0:01:32"]
[BlackClock "0:01:41"]
[Board "107"]

1. e4 e6 2. d4 d5 3. e5 c5 4. c3 Nc6 5. g3 Bd7 6. Ne2 f6 7. Nf4 Qe7 8. Bd3 O-O-O 9. exf6 Nxf6 10. O-O e5 11. dxe5 Nxe5 12. Re1 Nf3+ 13. Kf1 Nxe1 14. Qxe1 Qxe1+ 15. Kxe1 Bd6 16. f3 Rhe8+ 17. Kf2 c4 18. Bc2 Bc5+ 19. Kg2 g5 20. Nh3 Re2+ 0-1


[Site "https://www.chess.com"]

[Event "Titled Tuesday Blitz July 25 Early 2023"]
[White "Gontcharov, Vladislav"]
[Black "Melikhov, Evgeny V."]
[WhiteFideId "4123492"]
[BlackFideId "4122046"]
[WhiteElo "2516"]
[BlackElo "2374"]
[Result "1/2-1/2"]
[Round "10"]
[TimeControl "180+2"]
[Date "2023.07.25"]
[WhiteClock "0:00:15"]
[BlackClock "0:00:02"]
[Board "108"]

1. d4 Nf6 2. c4 e6 3. Nc3 Bb4 4. e3 b6 5. Bd3 Bb7 6. f3 c5 7. a3 cxd4 8. axb4 dxc3 9. bxc3 O-O 10. Ne2 d6 11. O-O Nbd7 12. e4 d5 13. cxd5 exd5 14. exd5 Bxd5 15. Ng3 Ne5 16. Be2 Bc4 17. Bg5 Qxd1 18. Rfxd1 Bxe2 19. Nxe2 a5 20. b5 Rfd8 21. Rd4 Rxd4 22. cxd4 Nc4 23. Rc1 Nd6 24. Rc6 Nxb5 25. Rxb6 Nc7 26. Nc3 a4 27. Rb7 Nfe8 28. d5 f6 29. Bf4 a3 30. d6 Ne6 31. Be3 Nxd6 32. Rb6 Nc4 33. Rxe6 Nxe3 34. Rxe3 a2 35. Nxa2 Rxa2 36. h4 Kf7 37. Kh2 h5 38. Kg3 g6 39. Rb3 Ra4 40. Rb7+ Ke6 41. Rg7 Kf5 42. Rb7 Rc4 43. Rb6 Ra4 44. Kh3 Ra3 45. Rc6 Rb3 46. Kg3 Ra3 47. Rc5+ Ke6 48. Rc4 Kf5 49. Re4 Rb3 50. Kh3 g5 51. hxg5 fxg5 52. Ra4 Rc3 53. Ra5+ Kg6 54. Kg3 Rb3 55. Re5 Ra3 56. Kf2 Rb3 57. Re2 Ra3 58. g3 h4 59. gxh4 gxh4 60. Kg2 Kg5 61. Re5+ Kf4 62. Re4+ Kg5 63. Rg4+ Kh5 64. Rb4 h3+ 65. Kg3 h2 66. Rh4+ Kg5 67. Rxh2 Rb3 68. Re2 Ra3 69. Re5+ Kg6 70. Rb5 Ra4 71. f4 Kf6 72. Kg4 Kf7 73. Rb6 Ra5 74. f5 Ra1 75. Kg5 Rg1+ 76. Kf4 Rf1+ 77. Ke5 Re1+ 78. Kf4 Rf1+ 79. Kg5 Rg1+ 80. Kf4 Rf1+ 1/2-1/2


[Site "https://www.chess.com"]

[Event "Titled Tuesday Blitz July 25 Early 2023"]
[White "Llanos, Guillermo"]
[Black "Chor, Kevin"]
[WhiteFideId "100358"]
[BlackFideId "2090740"]
[WhiteElo "2375"]
[BlackElo "2514"]
[Result "0-1"]
[Round "10"]
[TimeControl "180+2"]
[Date "2023.07.25"]
[WhiteClock "0:00:00"]
[BlackClock "0:00:05"]
[Board "109"]

1. Nf3 c5 2. g3 Nc6 3. Bg2 Nf6 4. O-O g6 5. d4 cxd4 6. Nxd4 Bg7 7. Nxc6 bxc6 8. c4 O-O 9. Nc3 Bb7 10. Qc2 Qa5 11. Rd1 d5 12. cxd5 cxd5 13. Qb3 Ba6 14. Bf4 Bc4 15. Qc2 Rfd8 16. e4 d4 17. Nd5 Bxd5 18. exd5 Nxd5 19. Bd2 Qb6 20. Qe4 Rac8 21. b3 Nc3 22. Bxc3 dxc3 23. Qxe7 Rxd1+ 24. Rxd1 c2 25. Rc1 Qd4 26. Qe2 Qb2 27. Qd2 Bf6 28. Be4 Qxa2 29. Rxc2 Qa1+ 30. Kg2 Rd8 31. Qe2 Qe5 32. Bc6 Qd6 33. Bb5 h5 34. Bc4 Kg7 0-1


[Site "https://www.chess.com"]

[Event "Titled Tuesday Blitz July 25 Early 2023"]
[White "only_strong_moves"]
[Black "Nayak Rajesh"]
[BlackFideId "35017152"]
[WhiteElo "2513"]
[BlackElo "2357"]
[Result "1-0"]
[Round "10"]
[TimeControl "180+2"]
[Date "2023.07.25"]
[WhiteClock "0:00:16"]
[BlackClock "0:00:04"]
[Board "110"]

1. d4 Nf6 2. Nc3 g6 3. Bf4 d5 4. e3 Bg7 5. h4 h5 6. Nf3 Bg4 7. Be2 Bxf3 8. Bxf3 c6 9. Qe2 Nbd7 10. O-O O-O 11. b4 Nb6 12. b5 Nc4 13. Rab1 Qa5 14. Rb3 cxb5 15. e4 dxe4 16. Nxe4 Nxe4 17. Bxe4 a6 18. Bxb7 Rad8 19. c3 e5 20. dxe5 Rfe8 21. Bc6 Re6 22. Be4 Bxe5 23. Bg5 Rde8 24. Qf3 Bg7 25. Bd5 Ne5 26. Qf4 Rd6 27. Qe4 Rc8 28. f4 Ng4 29. Bxf7+ Kxf7 30. Qe7+ Kg8 31. Qxd6 Rxc3 32. Qxg6 Rxb3 33. Qe8+ Bf8 34. Qe6+ Kh7 35. Qxb3 Qb6+ 36. Kh1 Nf2+ 37. Rxf2 Qxf2 38. Qf7+ Bg7 39. Qxh5+ Kg8 40. Qe8+ Bf8 41. Qe6+ Kh7 42. Qxa6 Bc5 43. Qb7+ Kg8 44. Qc8+ Kh7 45. Qf5+ Kg8 46. Qg6+ Kf8 47. Qf6+ Kg8 48. Qe6+ Kh7 49. Qf7+ Kh8 50. Bf6# 1-0


[Site "https://www.chess.com"]

[Event "Titled Tuesday Blitz July 25 Early 2023"]
[White "Bilan, Danila"]
[Black "Alberto, Manuel"]
[WhiteFideId "24161918"]
[BlackFideId "10100148"]
[WhiteElo "2508"]
[BlackElo "2351"]
[Result "1-0"]
[Round "10"]
[TimeControl "180+2"]
[Date "2023.07.25"]
[WhiteClock "0:00:07"]
[BlackClock "0:00:25"]
[Board "111"]

1. d4 Nf6 2. Nf3 g6 3. Bg5 Ne4 4. Bh4 c5 5. c3 Qb6 6. Qc2 d5 7. e3 Bf5 8. Qb3 c4 9. Qxb6 axb6 10. a3 b5 11. Nbd2 Nc6 12. Rc1 h6 13. Nxe4 Bxe4 14. Nd2 Bf5 15. f3 g5 16. Bg3 e6 17. e4 Bg6 18. Be2 Kd7 19. Kf2 Bd6 20. Bxd6 Kxd6 21. e5+ Ke7 22. Ra1 f6 23. exf6+ Kxf6 24. g3 e5 25. dxe5+ Nxe5 26. Nf1 Rhd8 27. Rd1 Nc6 28. h4 d4 29. hxg5+ hxg5 30. cxd4 Nxd4 31. Ne3 Nb3 32. Nd5+ Kg7 33. Nc3 Nd4 34. Rd2 Be8 35. Rhd1 Ne6 36. Rxd8 Rxd8 37. Rxd8 Nxd8 38. Ke3 Ne6 39. f4 gxf4+ 40. gxf4 Bc6 41. f5 Nc7 42. Kd4 Kf6 43. Bg4 Na6 44. Nd5+ Bxd5 45. Kxd5 b4 46. Kxc4 bxa3 47. bxa3 Nc7 48. Kc5 Ke5 49. Kb6 Nd5+ 50. Kxb7 Nc3 51. Kb6 Kf4 52. Bh3 Ke5 53. Kc5 Ne4+ 54. Kb4 Nf2 55. Bg2 Nd3+ 56. Kb5 Kxf5 57. a4 Ne5 58. a5 Nd7 59. a6 Ke5 60. a7 Nf6 61. a8=Q Kf4 62. Qf3+ Ke5 63. Bh3 Nd5 64. Kc5 Ne7 65. Qe3+ Kf6 66. Qe6+ Kg5 67. Qxe7+ Kf4 68. Qe2 Kg3 69. Qg4+ Kf2 70. Qf4+ Ke1 71. Qh2 Kd1 72. Kd4 Kc1 73. Kc3 Kb1 74. Qb2# 1-0


[Site "https://www.chess.com"]

[Event "Titled Tuesday Blitz July 25 Early 2023"]
[White "Slovineanu, Viacheslav"]
[Black "Gulamali, Kazim"]
[WhiteFideId "13900510"]
[BlackFideId "2024764"]
[WhiteElo "2346"]
[BlackElo "2488"]
[Result "1-0"]
[Round "10"]
[TimeControl "180+2"]
[Date "2023.07.25"]
[WhiteClock "0:00:49"]
[BlackClock "0:00:00"]
[Board "112"]

1. d4 Nf6 2. Nf3 e6 3. c4 d5 4. e3 Nbd7 5. b3 Bb4+ 6. Bd2 Bd6 7. Nc3 c6 8. Bd3 Qe7 9. O-O O-O 10. e4 dxc4 11. Bxc4 e5 12. Bg5 b5 13. Bd3 exd4 14. Nxd4 Qe5 15. Nf3 Qxc3 16. Rc1 Qb4 17. Rxc6 Ne5 18. Bd2 Nxc6 19. Bxb4 Bxb4 20. e5 Nxe5 21. Nxe5 Bb7 22. Ng4 Nd5 23. Be4 Rad8 24. Qd4 1-0


[Site "https://www.chess.com"]

[Event "Titled Tuesday Blitz July 25 Early 2023"]
[White "Schlecht, Daniel, Dr."]
[Black "Makhmudov, Shukhrat"]
[WhiteFideId "4623959"]
[BlackFideId "14200775"]
[WhiteElo "2483"]
[BlackElo "2342"]
[Result "0-1"]
[Round "10"]
[TimeControl "180+2"]
[Date "2023.07.25"]
[WhiteClock "0:00:57"]
[BlackClock "0:01:38"]
[Board "113"]

1. g3 d5 2. Nf3 c6 3. Bg2 Nf6 4. c4 e6 5. b3 Be7 6. Bb2 O-O 7. O-O Nbd7 8. d4 Re8 9. Nbd2 a5 10. a3 a4 11. b4 b5 12. c5 Ne4 13. Nxe4 dxe4 14. Nd2 f5 15. f3 e3 16. Nb1 Nf6 17. Nc3 f4 18. gxf4 Nd5 19. Nxd5 exd5 20. Qd3 Bh4 21. Bc1 Ra7 22. Bxe3 Rae7 23. Bf2 Rxe2 24. Rad1 Qf6 25. Bg3 Bf5 26. Qc3 Rc2 27. Qa1 Ree2 28. Bh1 Bxg3 29. hxg3 Qh6 0-1


[Site "https://www.chess.com"]

[Event "Titled Tuesday Blitz July 25 Early 2023"]
[White "Osinovsky, Stepan"]
[Black "Mei, Austin"]
[WhiteFideId "4157354"]
[BlackFideId "30948479"]
[WhiteElo "2342"]
[BlackElo "2483"]
[Result "0-1"]
[Round "10"]
[TimeControl "180+2"]
[Date "2023.07.25"]
[WhiteClock "0:00:00"]
[BlackClock "0:00:45"]
[Board "114"]

1. Nf3 Nf6 2. g3 g6 3. Bg2 Bg7 4. O-O O-O 5. d3 Nc6 6. e4 e5 7. c3 d6 8. Nbd2 Nh5 9. Kh1 Qe8 10. Nc4 f5 11. exf5 gxf5 12. d4 e4 13. d5 exf3 14. Bxf3 Nf6 15. dxc6 bxc6 16. Bf4 Be6 17. Qd3 Qf7 18. Na5 c5 19. c4 Rae8 20. Rae1 Ne4 21. b3 Bd4 22. Re2 Qg6 23. Nc6 Bg7 24. Kg2 Bd7 25. Nxa7 Ng5 26. Bd5+ Kh8 27. Rfe1 Ne6 28. Bc1 Nd4 29. Rxe8 Rxe8 30. Rxe8+ Bxe8 31. Be3 Bd7 32. Bxd4 cxd4 33. Nc6 Qf6 34. a4 h5 35. a5 Bc8 36. b4 h4 37. b5 h3+ 38. Kxh3 f4+ 39. Kg2 Bf5 40. Qf3 d3 0-1


[Site "https://www.chess.com"]

[Event "Titled Tuesday Blitz July 25 Early 2023"]
[White "MateoReyes"]
[Black "Prydun, Andriy"]
[BlackFideId "14145898"]
[WhiteElo "2482"]
[BlackElo "2333"]
[Result "0-1"]
[Round "10"]
[TimeControl "180+2"]
[Date "2023.07.25"]
[WhiteClock "0:00:53"]
[BlackClock "0:00:10"]
[Board "115"]

1. Nf3 Nf6 2. d4 d5 3. c4 c6 4. Nc3 e6 5. Bg5 h6 6. Bxf6 gxf6 7. e3 a6 8. cxd5 exd5 9. g3 Be7 10. Bg2 Nd7 11. O-O Nf8 12. Qc2 Bg4 13. h3 Bh5 14. Rfe1 Ne6 15. Nh4 Qd7 16. Kh2 Ng5 17. f4 Ne6 18. g4 Bxg4 19. hxg4 h5 20. g5 fxg5 21. Nf5 O-O-O 22. Nxd5 Bc5 23. dxc5 cxd5 24. c6 bxc6 25. Qa4 Nc5 26. Qa5 Nb7 27. Qxa6 Qxf5 28. Qxc6+ Kb8 29. Rac1 Rd7 30. Rc3 gxf4 31. exf4 Qxf4+ 32. Kg1 Qd4+ 33. Kh1 Qh4+ 34. Kg1 Qxe1+ 35. Kh2 Qe5+ 36. Kh1 Rc7 37. Qb5 Rxc3 38. bxc3 Rd8 39. c4 Qe1+ 40. Kh2 Qh4+ 41. Kg1 Qxc4 42. Qb6 Qc5+ 43. Qxc5 Nxc5 0-1


[Site "https://www.chess.com"]

[Event "Titled Tuesday Blitz July 25 Early 2023"]
[White "arturdailima"]
[Black "UNSTOPPABLE_LEGEND"]
[WhiteElo "2333"]
[BlackElo "2459"]
[Result "1/2-1/2"]
[Round "10"]
[TimeControl "180+2"]
[Date "2023.07.25"]
[WhiteClock "0:00:30"]
[BlackClock "0:00:41"]
[Board "116"]

1. e4 d6 2. d4 g6 3. Nc3 Bg7 4. Nf3 Nf6 5. Be2 O-O 6. h3 e5 7. O-O exd4 8. Nxd4 Re8 9. Bf3 Nbd7 10. Re1 Ne5 11. Be2 Bd7 12. f4 Nc6 13. Nxc6 bxc6 14. Bf3 Rb8 15. Qd3 c5 16. b3 Qe7 17. Bd2 Be6 18. Rad1 Nd7 19. Nd5 Qd8 20. c4 Nb6 21. Bc3 Nxd5 22. cxd5 Bd7 23. Bxg7 Kxg7 24. e5 Qh4 25. Qe3 Qg3 26. Bg4 Qxe3+ 27. Rxe3 Bxg4 28. hxg4 Kf8 29. Kf2 a5 30. Re4 Rb4 31. Rde1 Kg7 32. Kf3 h6 33. g3 Kf8 34. exd6 Rbxe4 35. Rxe4 cxd6 36. Rxe8+ Kxe8 37. Ke4 Kd7 38. Kd3 Kc7 39. Kc4 Kb6 40. a4 Ka6 41. Kd3 Kb6 42. Kc4 f6 43. Kd3 Kc7 44. Kc4 Kb6 45. Kd3 Ka6 46. Kc4 Kb6 1/2-1/2


[Site "https://www.chess.com"]

[Event "Titled Tuesday Blitz July 25 Early 2023"]
[White "Romero Arzuaga, Yudel"]
[Black "Kopczynski, Michal"]
[WhiteFideId "3521010"]
[BlackFideId "1124200"]
[WhiteElo "2309"]
[BlackElo "2454"]
[Result "0-1"]
[Round "10"]
[TimeControl "180+2"]
[Date "2023.07.25"]
[WhiteClock "0:00:06"]
[BlackClock "0:00:11"]
[Board "117"]

1. d4 Nf6 2. Nf3 g6 3. c4 Bg7 4. Nc3 d6 5. e4 O-O 6. Be2 e5 7. O-O Nc6 8. d5 Ne7 9. b4 Ne8 10. c5 f5 11. Nd2 f4 12. f3 g5 13. Nc4 h5 14. Ba3 Rf6 15. b5 Rg6 16. b6 axb6 17. cxd6 Nxd6 18. Bxd6 cxd6 19. Qb3 g4 20. Nxb6 gxf3 21. Bxf3 Ra5 22. Nxc8 Qxc8 23. Rac1 Rc5 24. Ne2 h4 25. Qb4 h3 26. Rxc5 dxc5 27. Qc4 hxg2 28. Rf2 Kh8 29. Rxg2 Rxg2+ 30. Bxg2 Qg4 31. Kf2 Qh4+ 32. Kf1 Qxh2 33. d6 Nc6 34. Qf7 Qh6 35. d7 Qf6 36. Qh5+ Bh6 37. Nc3 Qd6 38. Nd5 Kg7 39. Bh3 c4 40. Qe8 Bg5 41. Be6 Qf8 42. Qh5 Bd8 43. Qg4+ Kh6 44. Bf5 Qf7 45. Qh3+ Qh5 46. Qc3 Qd1+ 47. Kf2 Qd4+ 48. Kf3 Qxc3+ 49. Nxc3 Nd4+ 50. Kg4 b5 51. Nxb5 Nxb5 52. Be6 c3 53. Kf3 Nd4+ 54. Kf2 Nxe6 55. Ke2 Nc5 56. Kd1 Nxd7 57. Kc2 Nc5 58. Kxc3 Nxe4+ 59. Kc4 Nd6+ 60. Kd5 f3 61. Kxd6 f2 62. Kxe5 f1=Q 63. Ke6 Qa6+ 64. Kd7 Qxa2 0-1


[Site "https://www.chess.com"]

[Event "Titled Tuesday Blitz July 25 Early 2023"]
[White "Zaksaite, Salomeja"]
[Black "Novikov, Evgenij"]
[WhiteFideId "12801496"]
[BlackFideId "4125380"]
[WhiteElo "2306"]
[BlackElo "2449"]
[Result "1-0"]
[Round "10"]
[TimeControl "180+2"]
[Date "2023.07.25"]
[WhiteClock "0:00:07"]
[BlackClock "0:00:36"]
[Board "118"]

1. e4 g5 2. d4 Bg7 3. Bxg5 c5 4. Nf3 cxd4 5. Bc4 Nc6 6. O-O Qb6 7. Nbd2 Qxb2 8. Rb1 Qa3 9. Nb3 Qd6 10. Bh4 e5 11. Bg3 Qg6 12. Nh4 Qf6 13. f4 Nh6 14. fxe5 Qg5 15. Nf5 O-O 16. Nxg7 Qxg7 17. Nxd4 Nxe5 18. Bxe5 Qxe5 19. Nf5 Qc5+ 20. Kh1 Nxf5 21. exf5 Qxc4 22. f6 Kh8 23. Rb3 Rg8 24. Rh3 d5 25. Rxh7+ Kxh7 26. Qh5# 1-0


[Site "https://www.chess.com"]

[Event "Titled Tuesday Blitz July 25 Early 2023"]
[White "Xavier_mompel"]
[Black "Herzog2012"]
[WhiteElo "2283"]
[BlackElo "2447"]
[Result "0-1"]
[Round "10"]
[TimeControl "180+2"]
[Date "2023.07.25"]
[WhiteClock "0:00:00"]
[BlackClock "0:00:02"]
[Board "119"]

1. e4 Nc6 2. d4 d5 3. exd5 Qxd5 4. Nf3 Bg4 5. Be2 O-O-O 6. Be3 e5 7. Nc3 Qa5 8. d5 Nd4 9. Nxd4 Bxe2 10. Nxe2 Nf6 11. Bg5 Rxd5 12. Qc1 Ne4 13. O-O Nxc3 14. Nxc3 Rd7 15. Rd1 Rxd1+ 16. Qxd1 Bb4 17. Qg4+ Kb8 18. Rd1 Bxc3 19. bxc3 Qxc3 20. Qd7 a5 21. Be3 b6 22. Qxf7 Rc8 23. Qxg7 Qxc2 24. Rc1 Qe4 25. Qd7 Qb7 26. Qxh7 Qd5 27. h3 Qxa2 28. Qd7 Qb2 29. Qd2 Qb5 30. Qc3 a4 31. Qc4 Qa5 32. Qc3 Qb5 33. Bd2 Kb7 34. Qc4 Qxc4 35. Rxc4 b5 36. Rc1 c5 37. Kf1 b4 38. Ke2 a3 39. Kd3 a2 40. Kc2 Kb6 41. Ra1 c4 0-1


[Site "https://www.chess.com"]

[Event "Titled Tuesday Blitz July 25 Early 2023"]
[White "Vemparala, Nikash"]
[Black "Ladan, Nicholas"]
[WhiteFideId "30960967"]
[BlackFideId "30918855"]
[WhiteElo "2280"]
[BlackElo "2447"]
[Result "1-0"]
[Round "10"]
[TimeControl "180+2"]
[Date "2023.07.25"]
[WhiteClock "0:00:25"]
[BlackClock "0:00:00"]
[Board "120"]

1. e4 b6 2. d4 Bb7 3. Nc3 e6 4. f3 Bb4 5. Ne2 d5 6. exd5 Qxd5 7. a3 Bxc3+ 8. Nxc3 Qh5 9. Be3 Nf6 10. Qd2 Nd5 11. Nxd5 Qxd5 12. c4 Qd7 13. Be2 O-O 14. Kf1 Rd8 15. Kf2 c5 16. Rhd1 Nc6 17. dxc5 Qxd2 18. Rxd2 Rxd2 19. Bxd2 bxc5 20. Be3 Nd4 21. Rd1 e5 22. Bxd4 cxd4 23. Bd3 g6 24. b4 f5 25. c5 Rc8 26. Re1 Re8 27. Bc4+ Kg7 28. b5 e4 29. c6 Bc8 30. Rd1 d3 31. Ke3 Kf6 32. fxe4 fxe4 33. a4 Ke5 34. a5 Kd6 35. Rf1 Kc5 36. Rc1 Kd6 37. b6 d2 38. Kxd2 e3+ 39. Ke1 axb6 40. axb6 Re7 41. b7 Bxb7 42. cxb7 Rxb7 43. Rc2 Ke5 44. Ke2 Kd4 45. Bd3 Rf7 46. Rc4+ Ke5 47. Kxe3 Ra7 48. Re4+ Kf6 49. Rf4+ Kg5 50. h4+ Kh6 51. g3 Ra3 52. Rd4 Kh5 53. Kf4 Kh6 54. Rd7 Ra4+ 55. Be4 Rb4 56. g4 1-0


[Site "https://www.chess.com"]

[Event "Titled Tuesday Blitz July 25 Early 2023"]
[White "Manukian, Artak"]
[Black "Torres Hernandez, Leslie Carolin"]
[WhiteFideId "13301373"]
[BlackFideId "8400504"]
[WhiteElo "2442"]
[BlackElo "2279"]
[Result "0-1"]
[Round "10"]
[TimeControl "180+2"]
[Date "2023.07.25"]
[WhiteClock "0:00:09"]
[BlackClock "0:00:51"]
[Board "121"]

1. e4 c5 2. Nf3 d6 3. Bb5+ Nd7 4. O-O Nf6 5. Re1 g6 6. c3 a6 7. Bd3 Bg7 8. Bc2 O-O 9. d4 cxd4 10. cxd4 e5 11. dxe5 dxe5 12. a4 Qc7 13. Nc3 b6 14. Bb3 Bb7 15. Nd5 Nxd5 16. Bxd5 Nf6 17. Bxb7 Qxb7 18. Qe2 Nd7 19. Bg5 Nc5 20. b4 Ne6 21. Bd2 Rfd8 22. Bc3 Nf4 23. Qc2 Rac8 24. Rad1 Rxd1 25. Rxd1 Rxc3 26. Rd8+ Bf8 27. Qd2 Qxe4 28. h4 Rxf3 29. gxf3 Qxf3 30. Rxf8+ Kxf8 31. Qd6+ Kg8 32. Qb8+ Kg7 33. Qxe5+ f6 34. Qe7+ Kh6 35. Qf8+ Kh5 36. Qa8 Qxa8 0-1


[Site "https://www.chess.com"]

[Event "Titled Tuesday Blitz July 25 Early 2023"]
[White "Yashmetov, Mikhail"]
[Black "Thiel, Thomas"]
[WhiteFideId "24198900"]
[BlackFideId "4615964"]
[WhiteElo "2439"]
[BlackElo "2278"]
[Result "1-0"]
[Round "10"]
[TimeControl "180+2"]
[Date "2023.07.25"]
[WhiteClock "0:00:36"]
[BlackClock "0:00:54"]
[Board "122"]

1. d4 d5 2. c4 dxc4 3. Nf3 Nf6 4. e3 Bg4 5. Bxc4 e6 6. Nc3 Nc6 7. O-O Bd6 8. h3 Bh5 9. Be2 O-O 10. e4 Bxf3 11. Bxf3 Nxd4 12. e5 Nxf3+ 13. Qxf3 Bxe5 14. Qxb7 Bxc3 15. bxc3 Nd5 16. Ba3 Re8 17. Rfd1 Qc8 18. Qc6 Rb8 19. c4 Rb6 20. Qc5 Nf6 21. Rd3 e5 22. Rad1 e4 23. Rd4 Qa6 24. Rd8 Rb8 25. Rxb8 Rxb8 26. Qxc7 Qc8 27. Qxc8+ Rxc8 28. c5 h6 29. Rd6 Rc7 30. Kf1 Kh7 31. Ke2 Kg6 32. Ke3 Kf5 33. g4+ Ke5 34. Bb2# 1-0


[Site "https://www.chess.com"]